 Dungeon Crawl Stone Soup version 0.19-a0-1637-gfc13266 (webtiles) character file.

5018 TheGoonsmith the Slicer (level 10, -2/55 HPs)
             Began as a Vine Stalker Fighter on Sept 19, 2016.
             Was a Follower of Uskayaw.
             Killed from afar by a gargoyle (7 damage)
             ... with a stone arrow
             ... on level 10 of the Dungeon.
             The game lasted 00:17:19 (8078 turns).

TheGoonsmith the Slicer (Vine Stalker Fighter)      Turns: 8078, Time: 00:17:20

Health: -2/55      AC: 15    Str: 18    XL:     10   Next: 55%
Magic:  0/11       EV:  7    Int:  8    God:    Uskayaw [*.....]
Gold:   739        SH:  5    Dex: 18    Spells: 0 memorised, 9 levels left

rFire  . . .     SeeInvis +     S - +2 short sword (speed)
rCold  . . .     Gourm    +     A - +0 chain mail
rNeg   . . .     Faith    .     C - +0 buckler
rPois  +         Spirit   +     b - +2 helmet
rElec  .         Dismiss  .     (no cloak)
rCorr  +         Reflect  .     N - +1 pair of gloves
MR     +....     Harm     .     H - +0 pair of boots
Stlth  ..........               v - amulet of the gourmand
                                s - ring of resist corrosion
                                k - ring of poison resistance

@: about to teleport
A: fangs 3, see invisible, regeneration 1, magic shield, antimagic bite, no
device heal 3, rot immunity
a: Stomp, Renounce Religion


You were on level 10 of the Dungeon.
You worshipped Uskayaw.
Uskayaw was noncommittal.
You were completely stuffed.

You visited 2 branches of the dungeon, and saw 11 of its levels.

You collected 739 gold pieces.

Inventory:

Hand Weapons
 a - a +1 rapier
 F - a cursed -2 blowgun
 S - a +2 short sword of speed (weapon)
 U - the +1 scimitar of the Unseen Realm {slice, rC+ Int+6}
   (You found it on level 9 of the Dungeon)

   It inflicts extra damage upon your enemies.
   It affects your intelligence (+6).
   It protects you from cold.
Missiles
 d - 8 needles of confusion
 w - 5 needles of sleeping
 E - 41 poisoned needles
 L - a tomahawk of returning (quivered)
 O - 2 throwing nets
 X - 5 javelins
Armour
 b - a +2 helmet (worn)
 c - a +0 shield
 A - a +0 chain mail (worn)
 C - a +0 buckler (worn)
 H - a +0 pair of boots (worn)
 N - a +1 pair of gloves (worn)
Jewellery
 k - a ring of poison resistance (left hand)
 s - a ring of resist corrosion (right hand)
 v - an amulet of the gourmand (around neck)
 D - an uncursed ring of fire
 G - an uncursed amulet of dismissal
 K - an uncursed ring of ice
 Q - the ring of the Bull {rPois rF- rC+ Str+3 Stlth-}
   (You found it on level 8 of the Dungeon)

   [ring of loudness]

   It affects your strength (+3).
   It makes you vulnerable to fire.
   It protects you from cold.
   It protects you from poison.
   It makes you less stealthy.
 R - an uncursed ring of wizardry
 V - an uncursed ring of see invisible {unknown}
Wands
 l - a wand of paralysis (13/24)
 J - a wand of enslavement (9/24)
 M - a wand of confusion (33/48)
Scrolls
 g - 6 scrolls of remove curse
 i - 2 scrolls of amnesia
 o - 6 scrolls of recharging
 r - 2 scrolls of identify
 t - a scroll of teleportation
 y - 3 scrolls of fear
 B - 2 scrolls of blinking
 P - a scroll of magic mapping
Potions
 e - 3 potions of heal wounds
 h - a potion of berserk rage
 m - a potion of cure mutation
 n - 4 potions of resistance
 p - a potion of lignification
 u - a potion of agility
 x - 3 potions of curing
 z - 3 potions of brilliance
 T - 2 potions of cancellation {unknown}
Comestibles
 f - 10 bread rations
 j - 9 meat rations
 q - 3 slices of pizza
 I - 3 fruits
 W - 5 chunks of flesh
 Y - 6 beef jerkies


   Skills:
 - Level 7.2 Fighting
 * Level 11.7 Short Blades
 - Level 2.4 Armour
 - Level 4.4 Shields


You had 9 spell levels left.
You didn't know any spells.

Dungeon Overview and Level Annotations

Branches:
Dungeon (10/15)            Temple (1/1) D:6            Lair (0/6) D:8
    Orc: D:9-12

Altars:
Ashenzari
Cheibriados
Fedhas
Gozag
Makhleb
Nemelex Xobeh
Okawaru
Qazlal
Ru
Trog
Uskayaw
Vehumet
Xom
Yredelemnul
Zin
The Shining One


Innate Abilities, Weirdness & Mutations

You have razor-sharp teeth.
Your natural rate of healing is unusually fast.
When hurt, damage is shared between your health and your magic reserves.
Your bite disrupts and absorbs the magic of your enemies.
Potions and wands cannot restore your health.
You are immune to rotting.
You have supernaturally acute eyesight. (SInv)


Message History

The gargoyle is almost destroyed.
You can no longer pass through a line of other dancers.
You hit the gargoyle but do no damage.
The gargoyle is almost destroyed.
The gargoyle hurls a stone arrow at you.
The stone arrow hits you!
* * * LOW HITPOINT WARNING * * *
Okay, then.
You hit the gargoyle but do no damage.
The gargoyle is almost destroyed.
Okay, then.
Okay, then.
As you read the scroll of fear, it crumbles to dust.
You assume a fearsome visage.
The gargoyle is unaffected.
The yak looks frightened! x2; You block the gargoyle's attack.
As you read the scroll of teleportation, it crumbles to dust.
You feel strangely unstable.
The gargoyle hurls a stone arrow at you.
The stone arrow hits you!
You die...

.##........#..#####....##.......#
.########..#..#...'....##.......#
.##..## ##.#..#.###....##.......#
.##...# #.#..#.# #....##.......#
.##...# #......######.#)########
###.#.# #....####.....((......#
###.#.# ##............(.....#.#
....#.# ##..#####...#(.(..#..#
....#.# #....@9..Y#.....#...#
....#.#######.#####Y...(..#....#
##...........># #.....(.#.....#
#####.######### ##.#.#.#.......
...........# #....)........
#####.####.# ###...Y#...#...
#.####.#######.##......#....
#...............##..#.......
######.#######.####.........


You could see 2 yaks and a gargoyle.

Vanquished Creatures
  2 hill giants (D:10)
  Psyche (D:8)
  The ghost of TheGoonsmith the Covert, a novice VSAs of Uskayaw (D:6)
  Grinder (D:5)
  Prince Ribbit (D:5)
  The ghost of tardigrade the Conjurer, an amateur HECj of the Shining One (D:3)
  Edmund (D:5)
  An orc warrior (D:10)
  3 ice beasts
  A sky beast (D:9)
  An ogre (D:9)
  2 black bears
  2 phantoms (D:4)
  6 centaurs
  A gnoll sergeant (D:5)
  2 scorpions
  4 crimson imps
  2 jellies
  A quasit (D:9)
  A centaur skeleton (D:6)
  4 orc priests
  5 orc wizards
  3 hounds
  Jessica (D:2)
  Ijyb (D:2)
  Terence (D:3)
  An iguana (D:10)
  5 worker ants
  2 hound skeletons
  A worker ant zombie (D:6)
  10 gnolls
  14 adders
  3 shadow imps
  2 oozes
  2 adder zombies
  An adder skeleton (D:8)
  2 worms
  4 dart slugs
  6 leopard geckos
  25 orcs
  6 giant cockroaches
  9 goblins
  3 hobgoblins
  10 jackals
  7 quokkas
  A ball python (D:5)
  6 bats
  4 frilled lizards
  8 kobolds
  A leopard gecko skeleton (D:7)
  A leopard gecko zombie (D:7)
  4 rats
  A fungus (D:8)
189 creatures vanquished.

Notes
Turn   | Place    | Note
-------+----------+-------------------------------------------
     0 | D:1      | TheGoonsmith the Vine Stalker Fighter began the quest for the Orb.
     0 | D:1      | Reached XP level 1. HP: 11/11 MP: 2/2
   100 | D:1      | Reached skill level 2 in Short Blades
   234 | D:1      | Found a shimmering altar of Xom.
   366 | D:1      | Reached XP level 2. HP: 13/16 MP: 1/3
   461 | D:2      | Noticed Jessica
   466 | D:2      | Killed Jessica
   466 | D:2      | Reached skill level 3 in Short Blades
   466 | D:2      | Reached XP level 3. HP: 4/19 MP: 1/4
   902 | D:2      | Noticed Ijyb
   912 | D:2      | Killed Ijyb
   912 | D:2      | Gained mutation: Your natural rate of healing is unusually fast. [Vine Stalker growth]
   912 | D:2      | Reached XP level 4. HP: 21/24 MP: 5/5
  1010 | D:2      | Found an opulent altar of Gozag.
  1010 | D:2      | Found a basalt altar of Yredelemnul.
  1279 | D:3      | Found a blossoming altar of Fedhas.
  1341 | D:3      | Noticed Terence
  1350 | D:3      | Killed Terence
  1350 | D:3      | Reached skill level 4 in Short Blades
  1350 | D:3      | Reached XP level 5. HP: 25/28 MP: 6/6
  1426 | D:3      | Noticed tardigrade's ghost (amateur HECj)
  1517 | D:3      | Reached XP level 6. HP: 33/33 MP: 7/7
  1541 | D:3      | Killed tardigrade's ghost
  2017 | D:4      | Gained mutation: You have supernaturally acute eyesight. (SInv) [potion of beneficial mutation]
  2159 | D:4      | Reached XP level 7. HP: 37/37 MP: 8/8
  2398 | D:4      | Reached skill level 5 in Short Blades
  3081 | D:5      | Entered Level 5 of the Dungeon
  3173 | D:6      | Noticed TheGoonsmith's ghost (novice VSAs)
  3193 | D:6      | Killed TheGoonsmith's ghost
  3193 | D:6      | Reached skill level 5 in Fighting
  3193 | D:6      | Reached skill level 6 in Short Blades
  3193 | D:6      | Gained mutation: You have razor-sharp teeth. [Vine Stalker growth]
  3193 | D:6      | Reached XP level 8. HP: 39/43 MP: 7/9
  3322 | D:6      | Reached skill level 7 in Short Blades
  3329 | D:6      | Found a staircase to the Ecumenical Temple.
  3344 | Temple   | Entered the Ecumenical Temple
  3479 | Temple   | Became a worshipper of Uskayaw the Reveler
  3695 | D:5      | Noticed Edmund
  3702 | D:5      | Reached * piety under Uskayaw
  3704 | D:5      | Reached ** piety under Uskayaw
  3705 | D:5      | Killed Edmund
  3718 | D:5      | Reached *** piety under Uskayaw
  3780 | D:5      | Noticed Grinder
  3794 | D:5      | Killed Grinder
  3826 | D:5      | Noticed Prince Ribbit
  3923 | D:5      | Killed Prince Ribbit
  3923 | D:5      | Reached skill level 8 in Short Blades
  3923 | D:5      | Reached XP level 9. HP: 42/48 MP: 10/10
  4068 | D:5      | Reached **** piety under Uskayaw
  4521 | D:6      | Reached skill level 9 in Short Blades
  4642 | D:6      | Found an iron altar of Okawaru.
  4722 | D:6      | Found a glowing silver altar of Zin.
  5648 | D:8      | Found a staircase to the Lair.
  5660 | D:8      | Noticed Psyche
  5674 | D:8      | Killed Psyche
  5826 | D:8      | Got a smoking tin ring
  6046 | D:8      | Identified the ring of the Bull {rPois rF- rC+ Str+3 Stlth-} (You found it on level 8 of the Dungeon)
  6385 | D:9      | Identified a scroll of acquirement
  6435 | D:9      | Got an encrusted scimitar
  6438 | D:9      | Identified the +1 scimitar of the Unseen Realm {slice, rC+ Int+6} (You found it on level 9 of the Dungeon)
  6489 | D:9      | Found a bloodstained altar of Trog.
  6505 | D:9      | Reached skill level 10 in Short Blades
  6548 | D:9      | Found a shattered altar of Ashenzari.
  6943 | D:9      | Reached XP level 10. HP: 55/55 MP: 11/11
  7406 | D:10     | Entered Level 10 of the Dungeon
  7491 | D:10     | Noticed a hill giant
  7510 | D:10     | Killed a hill giant
  7510 | D:10     | Reached skill level 11 in Short Blades
  7876 | D:10     | Noticed a hill giant
  7887 | D:10     | Killed a hill giant
  8036 | D:10     | Noticed a gargoyle
  8078 | D:10     | Killed from afar by a gargoyle

Vault maps used:
D:1:      dpeg_arrival_leaves_temple_mockup, xom_teletrap_fun
D:2:      gammafunk_temple_overflow_wave, uniq_jessica, uniq_iyjb
D:3:      minmay_door_path, old_standard_altar, uniq_terence
D:4:      minmay_opposing_rooms
D:5:      first_bread, uniq_edmund, uniq_prince_ribbit1, uniq_grinder
D:6:      kennysheep_little_box, okawaru_ov_weapons_minmay
D:8:      nicolae_overflow_hidden_temple, dpeg_oklobed_lair, uniq_psyche
D:9:      evilmike_ruin_ashenzari, old_standard_altar, grunt_ogre_cave
D:10:     hangedman_decor_opposing, hangedman_corner_corridor
Temple:   nicolae_temple_figure_eight

Skill      XL: |  1  2  3  4  5  6  7  8  9 10 |
---------------+-------------------------------+-----
Short Blades   | 2 3 4 6 8 10 11 | 11.7
Fighting       | 3 4 5 6 7 |  7.2
Shields        | 4 |  4.4
Armour         | |  2.4

Action                   |  1- 3 |  4- 6 |  7- 9 | 10-12 || total
-------------------------+-------+-------+-------+-------++-------
Melee: Rapier            |    62 |   142 |   369 |       ||   573
       Bite              |    12 |    35 |   157 |    67 ||   271
       Short sword       |       |       |    58 |   138 ||   196
Invok: Line Pass         |       |       |     3 |     2 ||     5
Evoke: Wand              |       |       |       |     2 ||     2
  Use: Potion            |     1 |     2 |     2 |       ||     5
       Scroll            |       |    11 |    10 |     5 ||    26
 Stab: Paralysed         |       |       |     2 |     3 ||     5
       Confused          |       |       |     1 |       ||     1
  Eat: Chunk             |       |     7 |    32 |     4 ||    43
Armor: Scale mail        |    29 |       |       |       ||    29
       Chain mail        |       |    69 |   159 |    23 ||   251
Dodge: Dodged            |    33 |    45 |    95 |    20 ||   193
Block: Shield            |     7 |       |       |       ||     7
       Buckler           |       |    16 |    78 |    14 ||   108
